 Dungeon Crawl Stone Soup version 0.30-a0-354-g6b83867211 (webtiles) character file.

Game seed: 10273259614720111286

44 zishaf the Magician (level 3, -4/28 HPs)
             Began as a Djinni Venom Mage on Nov 7, 2022.
             Slain by a gnoll
             ... wielding a +0 whip
              (7 damage)
             ... on level 2 of the Dungeon.
             The game lasted 00:02:05 (1062 turns).

zishaf the Magician (Djinni Venom Mage)             Turns: 1062, Time: 00:02:05

Health: -4/28      AC:  2    Str:  7    XL:     3   Next: 87%
Gold:   47         EV: 12    Int: 18    God:
                   SH:  0    Dex: 13

rFire   + + .      SeeInvis .    (no weapon)
rCold   x . .      Faith    .    (no shield)
rNeg    . . .      Spirit   .    a - +0 robe
rPois   ∞          Reflect  .    (no helmet)
rElec   .          Harm     .    b - scarf {shadows}
rCorr   .          Rampage  .    (no gloves)
Will    .....                    (boots unavailable)
Stlth   ++........               (no amulet)
HPRegen 0.24/turn                (no ring)
MPRegen 0.00/turn                (no ring)

@: flying, very slightly contaminated
A: sickness immunity, fire resistance 2, cold vulnerability 1, float, innate
caster, HP casting, extra vitality 1
a: no special abilities


You were on level 2 of the Dungeon.
You visited 1 branch of the dungeon, and saw 2 of its levels.

You collected 47 gold pieces.

Inventory:

Armour
 a - a +0 robe (worn)
 b - a scarf of shadows (worn)
Scrolls
 c - a scroll of amnesia {unknown}
 d - a scroll of enchant armour {unknown}
 e - 3 scrolls of identify {unknown}
 f - a scroll of teleportation {unknown}
 g - a scroll of butterflies {unknown}
 h - a scroll of fear {unknown}
 j - a scroll of silence {unknown}
Potions
 i - a potion of invisibility {unknown}


   Skills:
 + Level 2.1 Fighting
 - Level 2.1 Dodging
 - Level 1.5 Stealth
 + Level 3.0 Spellcasting


You couldn't memorise any spells.
You knew the following spells:

 Your Spells              Type           Power      Damage    Failure   Level
a - Sting                 Tmut/Pois      52%        1d5       4%          1
b - Poisonous Vapours     Pois/Air       26%        N/A       7%          2
e - Slow                  Hex            52%        N/A       4%          1
z - Mephitic Cloud        Conj/Pois/Air  13%        N/A       14%         3
A - Olgreb's Toxic Radia  Pois           13%        N/A       43%         4
Your spell library was empty.

Dungeon Overview and Level Annotations

Branches:
Dungeon (2/15)

Altars:


Innate Abilities, Weirdness & Mutations

You are immune to sickness and miasma.
You are immune to poison.
Your flesh is very heat resistant. (rF++)
You are vulnerable to cold. (rC-)
You float through the air rather than walking.
You learn spells naturally, not from books.
Your magical power is your life essence.
You have superior vitality. (+4 MHP)


Message History

You fly upwards.
There is a stone staircase leading down here.
You start resting.
HP restored.
You fly downwards.
There is a stone staircase leading up here.
The gnoll closely misses you.
Casting: Sting (safe; 4% risk of failure)
Confirm with . or Enter, or press ? or * to list all spells.
Aiming: Poisonous Vapours (safe; 7% risk of failure)
Press: ? - help, Dir - move target, f - gnoll
Aim: a gnoll, wielding a +0 spear and quivering a throwing net (lightly wounded) Poisonous vapours surround the gnoll!
The gnoll is poisoned.
The gnoll hits you from afar with a +0 spear.
Unknown command.
Casting: Poisonous Vapours (safe; 7% risk of failure)
Confirm with . or Enter, or press ? or * to list all spells.
Aiming: Poisonous Vapours (safe; 7% risk of failure)
Press: ? - help, Dir - move target, f/p - gnoll
Aim: a gnoll, wielding a +0 spear and quivering a throwing net (moderately wounded, poisoned)
You miscast Poisonous Vapours.
You are very lightly contaminated with residual magic.
Nothing appears to happen.
The gnoll barely misses you. The gnoll attacks as you move away!
The gnoll hits you with a +0 whip. The gnoll attacks as you move away!
The gnoll hits you with a +0 whip!
* * * LOW HITPOINT WARNING * * *
The gnoll attacks as you move away! The gnoll hits you with a +0 whip.
* * * LOW HITPOINT WARNING * * *
Casting: Poisonous Vapours (safe; 7% risk of failure)
Confirm with . or Enter, or press ? or * to list all spells.
You don't have enough health to cast this spell.
Casting: Poisonous Vapours (safe; 7% risk of failure)
Confirm with . or Enter, or press ? or * to list all spells.
Aiming: Sting (safe; 4% risk of failure)
Press: ? - help, Shift-Dir - straight line, f/p - gnoll
Aim: a gnoll, wielding a +0 spear and quivering a throwing net (moderately wounded, 75% to hit)
You miscast Sting.
Nothing appears to happen.
* * * LOW HITPOINT WARNING * * *
The gnoll hits you with a +0 whip!
You die...

#### ### #.. ..# #
#.# #.#
######.#########.#
().....g.g..g.##@#
###.##.######.##g#
# #.##.# #K##g# #
#.##.# ##g##K# #
#.##.#####.#.#.# #
#.##......###..# #
#.########.#.### #
#.# ##<## #.#


You could see 2 gnolls and a kobold.

Vanquished Creatures
  A gnoll (D:2)
  A dart slug (D:1)
  5 ball pythons
  2 endoplasms (D:1)
  3 giant cockroaches (D:1)
  7 hobgoblins
  A quokka (D:1)
  A bat (D:1)
  A goblin (D:2)
  3 kobolds (D:1)
  3 rats (D:1)
28 creatures vanquished.

Notes
Turn   | Place    | Note
-------+----------+-------------------------------------------
     0 | D:1      | zishaf the Djinni Venom Mage began the quest for the Orb.
     0 | D:1      | zishaf set off with the following spells memorised: Sting,
                  | Poisonous Vapours, Mephitic Cloud, Olgreb's Toxic Radiance.
     0 | D:1      | Reached XP level 1. HP: 15/15 MP: 0/0
   142 | D:1      | Found a faded altar of an unknown god.
   225 | D:1      | Reached skill level 1 in Fighting
   225 | D:1      | Reached XP level 2. HP: 14/22 MP: 0/0
   636 | D:1      | Reached XP level 3. HP: 25/27 MP: 0/0
   636 | D:1      | Learned a level 1 spell: Slow
   960 | D:2      | Reached skill level 3 in Spellcasting
  1062 | D:2      | Slain by a gnoll

Illustrated notes

Levels and vault maps discovered:
D:1:      psy_arrival_dodecagon, layout_basic,
          hellmonk_ecumenical_altar_run_dry, minmay_tetromino_t2
D:2:      layout_loops_ring, basic_altar, corexii_hall_statues_i,
          corexii_leaking_fountain, solitary_fountain

Skill      XL: |  1  2  3 |
---------------+----------+-----
Fighting       | 1 2 |  2.1
Spellcasting   | 3 |  3.0
Dodging        | |  2.1
Stealth        | |  1.5

Action                   || total
-------------------------++-------
Melee: Unarmed           ||     1
 Cast: Sting             ||    63
       Poisonous Vapours ||     1
Armor: Robe              ||     6
Dodge: Dodged            ||    22

Table legend: (Time is in decaauts)
 A = Elapsed time spent in this place.
 B = Non-inter-level travel time spent in this place.
 C = Inter-level travel time spent in this place.
 D = Time resting spent in this place.
 E = Time spent auto-exploring this place.
 F = Levels seen in this place.
 G = Mean time per level.
                   A        B        C        D        E       F      G
               +--------+--------+--------+--------+--------+-----+--------+
         Total |   1062 |   1040 |     22 |     73 |    749 |   2 |  531.0 |
       Dungeon |   1062 |   1040 |     22 |     73 |    749 |   2 |  531.0 |
               +--------+--------+--------+--------+--------+-----+--------+

Top non-repeatable levels by time:
     D:1: 963 daAuts
     D:2: 99 daAuts
